 Dungeon Crawl Stone Soup version 0.30-a0-218-gedb9141078 (webtiles) character file.

Game seed: 4260835819486390687

585 billz999 the Magician (level 7, -2/36 HPs)
             Began as a Deep Elf Air Elementalist on Oct 5, 2022.
             Slain by a black bear (8 damage)
             ... on level 5 of the Dungeon on Oct 6, 2022.
             The game lasted 00:13:48 (5276 turns).

billz999 the Magician (Deep Elf Air Elementalist)   Turns: 5276, Time: 00:13:49

Health: -2/36      AC:  4    Str:  5    XL:     7   Next: 15%
Magic:  17/17      EV:  7    Int: 22    God:
Gold:   229        SH:  0    Dex: 21    Spells: 8/17 levels left

rFire   x . .      SeeInvis .    t - +3 whip of Xom's Righteous Fury {freeze, rF- rCorr Dex+6}
rCold   . . .      Faith    .    (no shield)
rNeg    . . .      Spirit   .    a - +1 robe
rPois   .          Reflect  .    (no helmet)
rElec   .          Harm     .    (no cloak)
rCorr   +          Rampage  .    (no gloves)
Will    .....                    w - +0 pair of boots
Stlth   +.........               i - amulet of the acrobat
HPRegen 0.26/turn                (no ring)
MPRegen 0.15/turn                (no ring)

@: silenced, held, studying Long Blades
A: no striking features
a: no special abilities


You were on level 5 of the Dungeon.
You visited 1 branch of the dungeon, and saw 5 of its levels.

You collected 229 gold pieces.

Inventory:

Hand Weapons
 c - a +0 trident
 f - a +0 club
 q - a +0 short sword
 t - the +3 whip of Xom's Righteous Fury (weapon) {freeze, rF- rCorr Dex+6}
   (You found it on level 2 of the Dungeon)

   It freezes those it strikes, dealing additional cold damage.
   It can also slow down cold-blooded creatures.
   Dex:       It affects your dexterity (+6).
   rF:        It makes you vulnerable to fire.
   rCorr:     It protects you from acid and corrosion.
 v - a +0 long sword
Armour
 a - a +1 robe (worn)
 o - an orb of light
 w - a +0 pair of boots (worn)
Jewellery
 d - an amulet of regeneration
 i - an amulet of the acrobat (around neck)
 n - a +4 ring of slaying
Wands
 p - a wand of polymorph (10)
Scrolls
 e - 2 scrolls of identify
 k - a scroll of enchant weapon {unknown}
Potions
 b - a potion of magic
 g - a potion of might {unknown}
 h - a potion of haste {unknown}
 j - 3 potions of curing
 l - a potion of heal wounds {unknown}
 m - a potion of ambrosia {unknown}
 r - 2 potions of brilliance {unknown}
 s - 2 potions of mutation {unknown}


   Skills:
 + Level 2.1 Long Blades
 - Level 2.4 Dodging
 - Level 2.4 Stealth
 + Level 5.6 Spellcasting
 + Level 4.9 Conjurations
 * Level 5.5 Air Magic


You had 8 spell levels left.
You knew the following spells:

 Your Spells              Type           Power      Damage    Failure   Level
a - Shock                 Conj/Air       100%       1d9       1%          1
b - Static Discharge      Conj/Air       58%        2-5/arc   1%          2
c - Ensorcelled Hibernat  Hex/Ice        12%        N/A       14%         2
d - Airstrike             Air            15%        2d(3-19)  10%         4

Your spell library contained the following spells:

 Spells                   Type           Power      Damage    Failure   Level
 Magic Dart               Conj           100%       1d8       1%          1
 Searing Ray              Conj           54%        2d6       1%          2
 Swiftness                Air            30%        N/A       3%          3
 Spider Form              Tmut/Pois      6%         N/A       28%         3
 Tukima's Dance           Hex            6%         N/A       28%         3
 Fulminant Prism          Conj/Hex       8%         3d7       34%         4
 Anguish                  Hex/Necr       3%         N/A       67%         4
 Passage of Golubria      Tloc           6%         N/A       67%         4
 Yara's Violent Unravell  Hex/Tmut       3%         3d4       95%         5


Dungeon Overview and Level Annotations

Branches:
Dungeon (5/15)
 Temple: D:4-7

Altars:
Qazlal


Message History

The zap hits the gnoll.
You kill the gnoll!
Search for what [Enter for "boot", or ? for help]? alt You start resting.
Your attacks no longer feel as feeble.
You start resting.
The frilled lizard unfolds its giant frill.
Magic restored.
You climb downwards.
The black bear bites you but does no damage.
The black bear claws you but does no damage.
The black bear barely misses you. The gnoll barely misses you.
The gnoll bouda barks out a call to the hunt!
The gnolls pick up the pace!
The ice beast barely misses you.
The gnoll throws a throwing net.
The throwing net hits you.
You become entangled in the net!
The black bear bites you but does no damage.
The black bear closely misses you.
The black bear claws you but does no damage.
The ice beast hits you but does no damage.
The gnoll hits you with a +0 club.
There is a stone staircase leading up here.
You see here a throwing net.
As you read the scroll labelled JUSTEI BYWYNAZ, it crumbles to dust.
A profound silence engulfs you.
It was a scroll of silence.
The gnoll completely misses you. The gnoll closely misses you.
The gnoll hits you from afar with a +1 halberd of freezing.
The gnoll freezes you. The gnoll hits you but does no damage.
The black bear closely misses you. The black bear barely misses you.
The black bear claws you but does no damage.
The ice beast barely misses you.
You struggle against the net.
The gnoll barely misses you. The gnoll hits you with a +0 flail.
The gnoll hits you from afar with a +0 spear.
The gnoll hits you from afar with a +1 halberd of freezing.
The gnoll freezes you. The ice beast hits you. The ice beast freezes you!
The gnoll hits you with a +0 club.
* * * LOW HITPOINT WARNING * * *
The black bear bites you!
You die...

.## ###.. . #
#.... ..
#.#.... ...
..... ...#
#.gg ....#
##.gg##......
#...Y@.......
##.#ghg......
....gg.....
..........#..
#...........#
.
#...........#
.............
.##...........


You could see a black bear (unsilenced), an ice beast, a gnoll bouda and 7
gnolls.

Vanquished Creatures
  A gnoll bouda (D:4)
  A hound (D:4)
  5 orc priests (D:4)
  An iguana (D:4)
  5 orc wizards (D:4)
  Robin (D:3)
  7 adders
  3 gnolls (D:4)
  4 worms (D:3)
  2 dart slugs
  15 orcs
  7 endoplasms
  7 giant cockroaches
  13 goblins
  12 hobgoblins
  2 jackals (D:1)
  A quokka (D:3)
  4 ball pythons
  3 bats
  4 frilled lizards
  3 kobolds
  5 rats
106 creatures vanquished.

Vanquished Creatures (others)
  12 fungi (D:4)
12 creatures vanquished.

Grand Total: 118 creatures vanquished

Notes
Turn   | Place    | Note
-------+----------+-------------------------------------------
     0 | D:1      | billz999 the Deep Elf Air Elementalist began the quest for
                  | the Orb.
     0 | D:1      | Reached XP level 1. HP: 10/10 MP: 6/6
   284 | D:1      | Reached XP level 2. HP: 4/15 MP: 2/8
   612 | D:1      | Found a faded altar of an unknown god.
   662 | D:1      | Learned a level 2 spell: Static Discharge
   665 | D:1      | Learned a level 2 spell: Ensorcelled Hibernation
   923 | D:1      | Reached XP level 3. HP: 18/19 MP: 6/10
  1468 | D:2      | Identified the +3 whip of Xom's Righteous Fury {freeze, rF-
                  | rCorr Dex+6}
  2431 | D:3      | Reached XP level 4. HP: 24/24 MP: 4/11
  2757 | D:3      | Noticed Robin
  2774 | D:3      | Killed Robin
  3218 | D:3      | Noticed a black bear
  3466 | D:3      | Learned a level 4 spell: Airstrike
  3662 | D:4      | Reached XP level 5. HP: 28/28 MP: 11/13
  3885 | D:4      | Reached XP level 6. HP: 32/32 MP: 9/15
  3926 | D:4      | Found a stormy altar of Qazlal.
  3971 | D:4      | Reached skill level 5 in Spellcasting
  4239 | D:4      | Reached skill level 5 in Air Magic
  4256 | D:4      | Reached skill level 1 in Long Blades
  4604 | D:4      | Reached XP level 7. HP: 32/36 MP: 8/17
  4945 | D:5      | Entered Level 5 of the Dungeon
  5276 | D:5      | Slain by a black bear

Illustrated notes

Levels and vault maps discovered:
D:1:      lightli_arrival_statue_moat, layout_loops_cross,
          dreamdust_ecumenical_altar_statues, fountainhead,
          nicolae_eternal_life, serial_bayou_pond_d
D:2:      layout_basic, minmay_misc_feat_enclosed
D:3:      layout_basic, portal_sewer_entry_a, uniq_robin
D:4:      layout_loops_ring, grunt_qazlal_clouds, serial_aquarium,
          aquarium_bridge_long_joined [aquarium_subvault_window,
          aquarium_subvault_window, aquarium_subvault_window,
          aquarium_subvault_bridge, aquarium_subvault_wall,
          aquarium_subvault_wall], aquarium_window_corner, aquarium_window_fake,
          aquarium_view_2c, aquarium_balcony_3b, nicolae_zen_rock_garden,
          kennysheep_orc_chapel
D:5:      layout_cave_pools, kennysheep_mini_moat

Skill      XL: |  1  2  3  4  5  6  7 |
---------------+----------------------+-----
Conjurations   | 2 3 4 |  4.9
Spellcasting   | 4 5 |  5.6
Air Magic      | 4 5 |  5.5
Long Blades    | 1 2 |  2.1
Dodging        | |  2.4
Stealth        | |  2.4

Action                   |  1- 3 |  4- 6 |  7- 9 || total
-------------------------+-------+-------+-------++-------
Melee: Trident           |     5 |       |       ||     5
       Whip              |     3 |    24 |       ||    27
 Cast: Shock             |    70 |   105 |    15 ||   190
       Static Discharge  |     2 |     8 |     2 ||    12
       Ensorcelled Hiber |     1 |       |       ||     1
  Use: Potion            |     1 |       |     1 ||     2
       Scroll            |     6 |       |     1 ||     7
Armor: Robe              |     1 |     5 |     8 ||    14
Dodge: Dodged            |    11 |    25 |    29 ||    65

Table legend: (Time is in decaauts)
 A = Elapsed time spent in this place.
 B = Non-inter-level travel time spent in this place.
 C = Inter-level travel time spent in this place.
 D = Time resting spent in this place.
 E = Time spent auto-exploring this place.
 F = Levels seen in this place.
 G = Mean time per level.
                   A        B        C        D        E       F      G
               +--------+--------+--------+--------+--------+-----+--------+
         Total |   5293 |   5039 |    254 |   1206 |   3296 |   5 | 1058.6 |
       Dungeon |   5293 |   5039 |    254 |   1206 |   3296 |   5 | 1058.6 |
               +--------+--------+--------+--------+--------+-----+--------+

Top non-repeatable levels by time:
     D:3: 1662 daAuts
     D:4: 1520 daAuts
     D:1: 1131 daAuts
     D:2: 968 daAuts
     D:5: 11 daAuts
